 Dungeon Crawl Stone Soup version 0.29.1-15-g9cfb28693d (webtiles) character file.

Game seed: 10025659962439814233

6 promet the Magician (level 1, 0/11 HPs)
             Began as a Deep Elf Hedge Wizard on Mar 8, 2023.
             Slain by a jackal (1 damage)
             ... on level 1 of the Dungeon.
             The game lasted 00:00:58 (339 turns).

promet the Magician (Deep Elf Hedge Wizard)          Turns: 339, Time: 00:00:59

Health: 0/11       AC:  2    Str:  7    XL:     1   Next: 75%
Magic:  0/8        EV: 12    Int: 18    God:
Gold:   5          SH:  0    Dex: 14    Spells: 8/9 levels left

rFire   . . .      SeeInvis .   a - +0 dagger
rCold   . . .      Faith    .   (no shield)
rNeg    . . .      Spirit   .   b - +0 robe
rPois   .          Reflect  .   c - +0 hat
rElec   .          Harm     .   (no cloak)
rCorr   .          Rampage  .   (no gloves)
Will    .....                   (no boots)
Stlth   ++........              (no amulet)
HPRegen 0.03/turn               (no ring)
MPRegen 0.11/turn               (no ring)

@: very slightly contaminated
A: no striking features
a: no special abilities


You were on level 1 of the Dungeon.
You visited 1 branch of the dungeon, and saw 1 of its levels.

You collected 5 gold pieces.

Inventory:

Hand Weapons
 a - a +0 dagger (weapon)
Missiles
 e - a stone
Armour
 b - a +0 robe (worn)
 c - a +0 hat (worn)
Potions
 d - a potion of magic
 f - a potion of flight {unknown}


   Skills:
 * Level 0.6 Fighting
 + Level 2.6 Dodging
 + Level 2.4 Stealth
 + Level 4.5 Spellcasting
 + Level 1.1 Conjurations
 + Level 1.1 Summonings
 + Level 1.1 Translocations


You had 8 spell levels left.
You knew the following spells:

 Your Spells              Type           Power      Damage    Failure   Level
a - Magic Dart            Conj           32%        1d4       9%          1

Your spell library contained the following spells:

 Spells                   Type           Power      Damage    Failure   Level
 Slow                     Hex            16%        N/A       14%         1
 Blink                    Tloc           16%        N/A       14%         2
 Call Imp                 Summ           8%         N/A       14%         2
 Conjure Flame            Conj/Fire      6%         6-21      32%         3
 Mephitic Cloud           Conj/Pois/Air  5%         N/A       34%         3


Dungeon Overview and Level Annotations

Branches:
Dungeon (1/15)

Altars:


Message History

Aim: a frilled lizard (100% to hit)
You miscast Magic Dart.
Nothing appears to happen.
The frilled lizard misses you.
Casting: Magic Dart (safe; 9% risk of failure)
Confirm with . or Enter, or press ? or * to list all spells.
Aiming: Magic Dart (safe; 9% risk of failure)
Press: ? - help, Shift-Dir - straight line, f/p - frilled lizard
Aim: a frilled lizard (100% to hit)
The magic dart hits the frilled lizard.
You kill the frilled lizard!
You see here a giant cockroach corpse.
The jackal barks!
Your magical contamination has completely faded away.
The jackal barely misses you. The jackal attacks as you move away!
The jackal closely misses you.
Sorry, you're not good enough to have a special ability.
Casting: Magic Dart (safe; 9% risk of failure)
Confirm with . or Enter, or press ? or * to list all spells.
Aiming: Magic Dart (safe; 9% risk of failure)
Press: ? - help, Shift-Dir - straight line, f - jackal
Aim: a jackal (100% to hit)
You miscast Magic Dart.
You are very lightly contaminated with residual magic.
Nothing appears to happen.
The jackal closely misses you.
Casting: Magic Dart (safe; 9% risk of failure)
Confirm with . or Enter, or press ? or * to list all spells.
Aiming: Magic Dart (safe; 9% risk of failure)
Press: ? - help, Shift-Dir - straight line, f/p - jackal
Aim: a jackal (100% to hit)
The magic dart hits the jackal but does no damage.
The jackal bites you.
* * * LOW HITPOINT WARNING * * *
Casting: Magic Dart (safe; 9% risk of failure)
Confirm with . or Enter, or press ? or * to list all spells.
You don't have enough magic to cast this spell.
Unknown command.
You closely miss the jackal. The jackal misses you.
The jackal barely misses you.
You closely miss the jackal. The jackal bites you.
You die...

##########
##....@hh.# ####
#...#####.#
..######....# #.#
..##.##..#### ##.####
#)##.#.###.
#...†.######
###.#.#.##...#
#...#..)...#
#...#...#..~..
#...######....h.
#..#...~.~~...###...#
.....
##...~≈≈~~≈.##.##...#
....


You could see 2 jackals.

Vanquished Creatures
  A giant cockroach (D:1)
  A goblin (D:1)
  A kobold (D:1)
  A frilled lizard (D:1)
  2 rats (D:1)
6 creatures vanquished.

Notes
Turn   | Place    | Note
-------+----------+-------------------------------------------
     0 | D:1      | promet the Deep Elf Hedge Wizard began the quest for the
                  | Orb.
     0 | D:1      | Reached XP level 1. HP: 10/10 MP: 7/7
   339 | D:1      | Slain by a jackal

Illustrated notes

Levels and vault maps discovered:
D:1:      dpeg_arrival_subterranean_lakeside_camping, layout_rooms,
          minmay_lizard_pond

Action                   || total
-------------------------++-------
Melee: Dagger            ||    11
 Cast: Magic Dart        ||    11
 Stab: Sleeping          ||     1
Armor: Robe              ||     2
Dodge: Dodged            ||     9
